 Dungeon Crawl Stone Soup version 0.30.0-29-ga12c61a403 (webtiles) character file.

Game seed: 3381899419685953266

28 Sabo the Digger (level 2, -1/20 HPs)
             Began as a Draconian Earth Elementalist on June 12, 2023.
             Succumbed to Terence's poison
             ... on level 2 of the Dungeon.
             The game lasted 00:06:06 (1170 turns).

Sabo the Digger (Draconian Earth Elementalist)      Turns: 1170, Time: 00:06:06

Health: -1/20      AC:  4    Str: 10    XL:     2   Next: 96%
Magic:  1/5        EV: 12    Int: 15    God:
Gold:   58         SH:  0    Dex: 11    Spells: 5/6 levels left

rFire   . . .        k - +2 dagger (freeze)
rCold   . . .        (no shield)
rNeg    . . .        (body armour unavailable)
rPois   .            (helmet restricted)
rElec   .            (no cloak)
rCorr   .            (no gloves)
SInv    .            (no boots)
Will    .....        (no amulet)
Stlth   ++           (no ring)
HPRegen 0.23/turn    (no ring)
MPRegen 0.09/turn

%: no passive effects
@: lethally poisoned (-1 -> -27)
A: AC +4, unfitting armour, cold-blooded
a: no special abilities


You were on level 2 of the Dungeon.
You visited 1 branch of the dungeon, and saw 2 of its levels.

You collected 78 gold pieces.
You spent 20 gold pieces at shops.

Inventory:

Hand Weapons
 k - a +2 dagger of freezing (weapon)
Scrolls
 c - 2 scrolls of amnesia {unknown}
 g - a scroll of enchant armour
Potions
 a - a potion of magic
 d - 2 potions of curing {unknown}
 e - a potion of cancellation {unknown}
 h - a potion of ambrosia {unknown}
 i - 2 potions of heal wounds
 j - a potion of haste {unknown}


   Skills:
 + Level 1.9 Dodging
 + Level 1.9 Stealth
 + Level 2.6 Spellcasting
 + Level 1.0 Transmutations
 + Level 3.5 Earth Magic


You had 5 spell levels left.
You knew the following spells:

 Your Spells              Type           Power      Damage    Failure   Level
a - Sandblast             Erth           24%        2d8       4%          1

Your spell library contained the following spells:

 Spells                   Type           Power      Damage    Failure   Level
 Passwall                 Tmut/Erth      6%         N/A       12%         2
 Stone Arrow              Conj/Erth      14%        3d7       30%         3
 Petrify                  Tmut/Erth      8%         N/A       63%         4


Dungeon Overview and Level Annotations

Branches:
Dungeon (2/15)

Altars:

Shops:
D:2 ?

Annotations:
D:2 Terence


Innate Abilities, Weirdness & Mutations

Your plain brown scales are hard. (AC +4)
You cannot fit into any form of body armour.
You are cold-blooded and may be slowed by cold attacks.


Message History

Terence the Incautious comes into view.
He is wielding a +2 trident of venom.
Terence shouts!
Casting: Sandblast (safe; 4% risk of failure)
Confirm with . or Enter, or press ? or * to list all spells.
Aiming: Sandblast (safe; 4% risk of failure)
Press: ? - help, Shift-Dir - straight line, f - Terence
Aim: Terence, wielding a +2 trident of venom and wearing a +0 ring mail (84% to hit)
The blast of sand hits Terence but does no damage.
Casting: Sandblast (safe; 4% risk of failure)
Confirm with . or Enter, or press ? or * to list all spells.
Aiming: Sandblast (safe; 4% risk of failure)
Press: ? - help, Shift-Dir - straight line, f/p - Terence
Aim: Terence, wielding a +2 trident of venom and wearing a +0 ring mail (84% to hit)
The blast of sand hits Terence.
Terence is lightly wounded.
Terence hits you from afar with a +2 trident of venom.
You are poisoned.
Casting: Sandblast (safe; 4% risk of failure)
Confirm with . or Enter, or press ? or * to list all spells.
Aiming: Sandblast (safe; 4% risk of failure)
Press: ? - help, Shift-Dir - straight line, f/p - Terence
Aim: Terence, wielding a +2 trident of venom and wearing a +0 ring mail (lightly wounded, 84% to hit)
The blast of sand hits Terence.
Terence is moderately wounded.
You feel very sick. Terence misses you.
Casting: Sandblast (safe; 4% risk of failure)
Confirm with . or Enter, or press ? or * to list all spells.
Aiming: Sandblast (safe; 4% risk of failure)
Press: ? - help, Shift-Dir - straight line, f/p - Terence
Aim: Terence, wielding a +2 trident of venom and wearing a +0 ring mail (moderately wounded, 84% to hit)
The blast of sand hits Terence but does no damage.
Terence is moderately wounded.
You feel sick.
Terence hits you from afar with a +2 trident of venom.
You are lethally poisoned!
Terence hits you from afar with a +2 trident of venom.
* * * LOW HITPOINT WARNING * * *
You are more poisoned.
You die...

.......##'#...........#
#.................#
#......##'#........
..###......##.+........
...........####........
.#####.....# #........
..#####.....# #........
#...........# #.......)
#.....@@....# #........
#...........# ###'#####
#.......##### #......#
#.......# #......#
#.......# #......#
#.......# #......#
#.......# #...∩..#
#.......# ######'####
#......#


You could see Terence.

Vanquished Creatures
  An adder (D:2)
  A dart slug (D:1)
  3 ball pythons (D:1)
  An endoplasm (D:2)
  A goblin (D:1)
  2 hobgoblins
  3 kobolds
  2 bats
  3 rats (D:1)
17 creatures vanquished.

Notes
Turn   | Place    | Note
-------+----------+-------------------------------------------
     0 | D:1      | Sabo the Draconian Earth Elementalist began the quest for
                  | the Orb.
     0 | D:1      | Reached XP level 1. HP: 14/14 MP: 3/3
   365 | D:1      | Reached XP level 2. HP: 20/20 MP: 3/5
   912 | D:1      | You fall into a shaft and drop 1 floor!
  1050 | D:2      | Found Paputh's Magic Scroll Emporium.
  1061 | D:2      | Bought a scroll of identify for 20 gold pieces
  1163 | D:2      | Noticed Terence
  1170 | D:2      | Succumbed to Terence's poison

Illustrated notes

Levels and vault maps discovered:
D:1:      dpeg_arrival_stonehenge_12_columns, layout_basic,
          minmay_misc_feat_secret_circle, grunt_decor_resistance,
          minmay_misc_feat_tiny, minmay_box_of_dots
D:2:      layout_basic, serial_shops, shop, serial_glass, glass_columns_a,
          glass_columns_c, uniq_terence

Action                     || total
---------------------------++-------
   Cast: Sandblast         ||    26
    Use: Scroll            ||     2
 Armour: Skin              ||     1
  Dodge: Dodged            ||     4
